 Dungeon Crawl Stone Soup version 0.31.0-11-ge490571c62 (webtiles) character file.

Game seed: 13121618777012235466

6477 hawla the Cruncher (level 10, -3/50 HPs)
             Began as a Deep Elf Conjurer on Jan 29, 2024.
             Was a Believer of Vehumet.
             Killed by divine providence
             ... invoked by an orc priest
              (14 damage)
             ... on level 9 of the Dungeon.
             The game lasted 00:28:20 (9997 turns).

hawla the Cruncher (Deep Elf Conjurer)              Turns: 9997, Time: 00:28:21

Health: -3/50      AC:  6    Str:  5    XL:     10   Next: 68%
Magic:  19/39      EV: 17    Int: 37    God:    Vehumet [**....]
Gold:   550        SH:  0    Dex: 12    Spells: 9/21 levels left

rFire   . . .        g - staff of air
rCold   . . .        (no shield)
rNeg    . . .        a - +1 robe
rPois   .            m - +1 helmet
rElec   +            (no cloak)
rCorr   .            (no gloves)
SInv    .            p - +0 pair of boots
Will    .....        d - amulet "Iruvval" {Acrobat rElec Will- MP+9 Int+7}
Stlth   ++           i - +5 ring of evasion
HPRegen 0.28/turn    w - ring of magical power
MPRegen 0.26/turn

%: acrobat, clarity
@: very slightly contaminated
A: clarity, clever 1
a: Renounce Religion


You were on level 9 of the Dungeon.
You worshipped Vehumet.
Vehumet was pleased with you.
You visited 1 branch of the dungeon, and saw 9 of its levels.

You collected 622 gold pieces.
You spent 72 gold pieces at shops.

Inventory:

Armour
 a - a +1 robe (worn)
 m - a +1 helmet (worn)
 p - a +0 pair of boots (worn)
Magical Staves
 g - a staff of air (weapon)
Jewellery
 d - the amulet "Iruvval" (around neck) {Acrobat rElec Will- MP+9 Int+7}
   (You found it on level 5 of the Dungeon)

   [amulet of the acrobat]

   Acrobat:   It increases your evasion while moving and waiting.
   Int+7:     It affects your intelligence (+7).
   rElec:     It insulates you from electricity.
   Will-:     It decreases your willpower.
   MP+9:      It affects your magic capacity (+9).
 e - an amulet of reflection
 f - a ring of positive energy
 i - a +5 ring of evasion (left hand)
 r - an amulet of magic regeneration
 w - a ring of magical power (right hand)
Wands
 j - a wand of polymorph (10)
 q - a wand of charming (12)
 t - a wand of flame (48)
Scrolls
 h - a scroll of fog
 l - 2 scrolls of teleportation
 v - 2 scrolls of enchant weapon
 x - a scroll of butterflies
Potions
 b - a potion of magic
 c - a potion of lignification
 n - a potion of curing
 o - a potion of brilliance
 s - a potion of haste
 u - a potion of might
Miscellaneous
 k - a phial of floods


   Skills:
 - Level 12.0 Staves
 - Level 3.0 Dodging
 - Level 2.4 Stealth
 - Level 6.0 Spellcasting
 + Level 7.5 Conjurations
 - Level 6.0 Translocations
 - Level 4.0 Ice Magic
 - Level 4.0 Air Magic
 - Level 3.0 Evocations


You had 9 spell levels left.
You knew the following spells:

 Your Spells              Type           Power      Damage    Failure   Level
a - Magic Dart            Conj           100%       1d8       1%          1
b - Searing Ray           Conj           100%       2d8       1%          2
c - Iskenderun's Mystic   Conj/Tloc      57%        2d12      1%          4
d - Freezing Cloud        Conj/Ice/Air   32%        6-21      11%         5

Your spell library contained the following spells:

 Spells                   Type           Power      Damage    Failure   Level
 Scorch                   Fire           22%        2d5       4%          2
 Mephitic Cloud           Conj/Alch/Air  56%        N/A       1%          3
 Mercury Vapours          Alch/Air       76%        N/A       2%          2
 Manifold Assault         Tloc           53%        N/A       2%          4
 Passage of Golubria      Tloc           53%        N/A       2%          4
 Fulminant Prism          Conj/Alch      19%        3d10      7%          4
 Silence                  Hex/Air        19%        N/A       36%         5
 Dispersal                Tloc           26%        N/A       38%         6
 Disjunction              Tloc           26%        N/A       100%        8
 Lehudib's Crystal Spear  Conj/Erth      19%        10d6      100%        8


Dungeon Overview and Level Annotations

Branches:
Dungeon (9/15)             Temple (0/1) D:7            Lair (0/5) D:8
    Orc: D:9-12

Altars:
Dithmenos
Okawaru
Ru
Trog
Vehumet
Zin
The Shining One

Shops:
D:2 ?   D:5 :

Annotations:
D:3 2 transporters, Sobieck's ghost, weakling DgBr


Innate Abilities, Weirdness & Mutations

You possess an exceptional clarity of mind.
Your mind is acute. (Int +4, Str/Dex -1)


Message History

Confirm with . or Enter, or press ? or * to list all spells.
Aiming: Magic Dart (safe; 1% risk of failure)
Press: ? - help, Shift-Dir - straight line, f - orc priest
Aim: an orc priest, wielding a +0 club (100% to hit)
The magic dart hits the orc priest.
The orc priest is lightly wounded.
The orc wizard is engulfed in freezing vapours.
You kill the orc wizard!
Vehumet accepts your kill.
You feel your power returning.
Unknown command.
Casting: Magic Dart (safe; 1% risk of failure)
Confirm with . or Enter, or press ? or * to list all spells.
Aiming: Magic Dart (safe; 1% risk of failure)
Press: ? - help, Shift-Dir - straight line, f/p - orc priest
Aim: an orc priest, wielding a +0 club (lightly wounded, 100% to hit)
The magic dart hits the orc priest.
The orc priest is moderately wounded.
The orc priest looks encouraged for a moment.
Unknown command.
Casting: Magic Dart (safe; 1% risk of failure)
Confirm with . or Enter, or press ? or * to list all spells.
Aiming: Magic Dart (safe; 1% risk of failure)
Press: ? - help, Shift-Dir - straight line, f/p - orc priest
Aim: an orc priest, wielding a +0 club (moderately wounded, 100% to hit)
The magic dart hits the orc priest.
The orc priest is heavily wounded.
Casting: Magic Dart (safe; 1% risk of failure)
Confirm with . or Enter, or press ? or * to list all spells.
Aiming: Magic Dart (safe; 1% risk of failure)
Press: ? - help, Shift-Dir - straight line, f/p - orc priest
Aim: an orc priest, wielding a +0 club (heavily wounded, 100% to hit)
The magic dart hits the orc priest.
The orc priest is severely wounded.
The orc priest calls down the wrath of Beogh upon you.
Beogh smites you!
* * * LOW HITPOINT WARNING * * *
The orc priest mumbles some strange prayers to Beogh against you.
Beogh smites you!
You die...

#......# #......#
#......# #..<...#
#......# #......#
#......# #.@....#
#########+####).....#
............§§§.....#
..o........§§§......#
..........§§§§......#
.....).)..o.........+
.o.o)).§............#
....................#
.....o).#####...>...#


You could see an orc priest.

Vanquished Creatures
  Sigmund (D:2)
  A slime creature (D:8)
  5 wyverns (D:8)
  3 yaks (D:8)
  4 hogs (D:8)
  A human (D:8)
  2 steam dragons (D:8)
  Menkaure (D:6)
  3 water moccasins
  An orc warrior (D:9)
  2 ice beasts
  4 ogres
  A centaur (D:6)
  A kobold brigand (D:8)
  4 bullfrogs
  2 scorpions
  14 wights (D:8)
  9 killer bees
  A howler monkey (D:7)
  A jelly (D:8)
  5 hounds
  6 orc priests
  3 sleepcaps
  3 gnoll boudas
  12 orc wizards
  5 iguanas
  10 adders
  12 gnolls
  A shadow imp (D:7)
  2 white imps
  2 ufetubi (D:6)
  2 ribbon worms
  2 dart slugs
  24 orcs
  7 bats
  8 endoplasms
  A giant cockroach (D:4)
  4 goblins (D:4)
  7 hobgoblins
  6 jackals
  9 kobolds
  6 quokkas
  5 ball pythons
  5 frilled lizards
  6 rats
214 creatures vanquished.

Notes
Turn   | Place    | Note
-------+----------+-------------------------------------------
     0 | D:1      | hawla the Deep Elf Conjurer began the quest for the Orb.
     0 | D:1      | Reached XP level 1. HP: 10/10 MP: 6/6
   162 | D:1      | Reached XP level 2. HP: 13/15 MP: 0/9
   759 | D:2      | Reached XP level 3. HP: 19/19 MP: 9/11
   822 | D:2      | Reached skill level 5 in Spellcasting
   990 | D:2      | You fall into a shaft and drop 1 floor!
  1054 | D:2      | Found Ralleeff's Magic Scroll Boutique.
  1057 | D:2      | Bought a scroll of identify for 24 gold pieces
  1057 | D:2      | Bought a scroll of fog for 48 gold pieces
  1207 | D:2      | Learned a level 2 spell: Searing Ray
  1448 | D:2      | Noticed Sigmund
  1493 | D:2      | Killed Sigmund
  1494 | D:2      | Reached XP level 4. HP: 17/24 MP: 8/13
  1494 | D:2      | Reached XP level 5. HP: 20/28 MP: 8/14
  1588 | D:2      | Learned a level 4 spell: Iskenderun's Mystic Blast
  1862 | D:3      | Reached skill level 1 in Translocations
  2000 | D:3      | Found a transporter.
  2002 | D:3      | Noticed a black bear
  2002 | D:3      | Noticed Sobieck's ghost (weakling DgBr)
  2006 | D:3      | Found a transporter.
  2652 | D:4      | Gained mutation: You possess an exceptional clarity of
                  | mind. [potion of mutation]
  2652 | D:4      | Gained mutation: Your mind is acute. (Int +4, Str/Dex -1)
                  | [potion of mutation]
  2806 | D:4      | Reached XP level 6. HP: 32/32 MP: 6/15
  3605 | D:4      | Reached skill level 5 in Conjurations
  3696 | D:5      | Entered Level 5 of the Dungeon
  3806 | D:5      | Reached skill level 1 in Staves
  3811 | D:5      | Reached skill level 2 in Staves
  3897 | D:5      | Identified the amulet "Iruvval" {Acrobat rElec Will- MP+9
                  | Int+7}
  3919 | D:5      | Reached XP level 7. HP: 36/36 MP: 11/16
  3921 | D:5      | Reached skill level 3 in Staves
  4105 | D:5      | Reached skill level 4 in Staves
  4373 | D:5      | Reached skill level 5 in Staves
  4626 | D:5      | Reached skill level 6 in Staves
  4710 | D:5      | Reached XP level 8. HP: 41/41 MP: 7/17
  4947 | D:5      | Reached skill level 7 in Staves
  5469 | D:5      | Found an iron altar of Okawaru.
  5469 | D:5      | Found a shadowy altar of Dithmenos.
  5471 | D:5      | Found a sacrificial altar of Ru.
  5472 | D:5      | Found a radiant altar of Vehumet.
  5633 | D:5      | Became a worshipper of Vehumet
  5777 | D:5      | Found Ozudus's Tremendous Tomes.
  5922 | D:6      | Noticed Menkaure
  5926 | D:6      | Killed Menkaure
  5927 | D:6      | Reached skill level 5 in Translocations
  6042 | D:6      | Learned a level 5 spell: Freezing Cloud
  6079 | D:6      | Reached skill level 1 in Ice Magic
  6646 | D:6      | Found a bloodstained altar of Trog.
  7003 | D:6      | Found a glowing golden altar of the Shining One.
  7012 | D:6      | Found a glowing silver altar of Zin.
  7086 | D:7      | Reached XP level 9. HP: 45/45 MP: 18/18
  7282 | D:7      | Found a staircase to the Ecumenical Temple.
  7336 | D:7      | Noticed a boulder beetle
  7508 | D:7      | Noticed a deep elf pyromancer
  7586 | D:7      | Noticed a boulder beetle
  7701 | D:8      | Reached * piety under Vehumet
  7701 | D:8      | Offered knowledge of Sandblast by Vehumet.
  7738 | D:8      | Reached skill level 8 in Staves
  8047 | D:8      | Reached skill level 9 in Staves
  8466 | D:8      | Reached XP level 10. HP: 50/50 MP: 19/19
  8468 | D:8      | Reached skill level 10 in Staves
  9063 | D:8      | Reached skill level 11 in Staves
  9181 | D:8      | Offered knowledge of Scorch by Vehumet.
  9310 | D:8      | Found a staircase to the Lair.
  9380 | D:8      | Reached skill level 12 in Staves
  9647 | D:8      | Reached ** piety under Vehumet
  9997 | D:9      | Killed from afar by an orc priest

Illustrated notes

Levels and vault maps discovered:
D:1:      saegor_arrival_miasma, layout_rooms
D:2:      layout_loops_ring, serial_shops, nicolae_shop_real_fake_doors,
          minivault_23, uniq_sigmund
D:3:      layout_basic, gammafunk_ghost_arena
D:4:      layout_basic, kennysheep_generic_room_14
D:5:      nicolae_cairo_tiling_large, layout_loops_corners,
          mainiacjoe_overflow_alcove_3, nicolae_shop_i_like_big_books,
          minmay_a_box_with_orc_wizards_in_it
D:6:      layout_basic, amcnicky_altar_gilded, mainiacjoe_overflow_swirl,
          uniq_menkaure
D:7:      minmay_the_grid_octo_tiled_squarecenter
          [minmay_the_grid_octo_checkerflower, minmay_the_grid_octo_teeth,
          minmay_the_grid_octo_clover_2, minmay_the_grid_octo_clover,
          minmay_the_grid_square_5x5_megaprize_diamond,
          minmay_the_grid_square_5x5_meh, minmay_the_grid_square_5x5_three,
          minmay_the_grid_square_5x5_plus, minmay_the_grid_square_5x5_fat_x],
          layout_rooms, minmay_temple_entry_offerings
D:8:      layout_loops_corners, minmay_lair_entry_grove, grunt_livestock,
          minmay_checkerbox
D:9:      layout_gridville

Skill      XL: |  1  2  3  4  5  6  7  8  9 10 |
---------------+-------------------------------+-----
Spellcasting   | 4 5 6 |  6.0
Dodging        | 3 |  3.0
Evocations     | 3 |  3.0
Air Magic      | 2 3 4 |  4.0
Translocations | 2 3 6 |  6.0
Conjurations   | 5 7 |  7.5
Staves         | 2 6 7 9 12 | 12.0
Ice Magic      | 3 4 |  4.0
Stealth        | |  2.4

Action                     |  1- 3 |  4- 6 |  7- 9 | 10-12 || total
---------------------------+-------+-------+-------+-------++-------
  Melee: Unarmed           |    29 |       |       |       ||    29
         Punch             |     1 |     1 |     1 |       ||     3
         Staff             |       |    40 |   116 |    11 ||   167
   Cast: Magic Dart        |    60 |    21 |    39 |    11 ||   131
         Searing Ray       |     3 |    33 |    69 |    27 ||   132
         Iskenderun's Myst |       |     4 |    20 |    17 ||    41
         Freezing Cloud    |       |       |     3 |     2 ||     5
  Evoke: Wand              |       |       |     2 |       ||     2
         Phial of floods   |       |       |     1 |       ||     1
    Use: Scroll            |     4 |     7 |     8 |     3 ||    22
         Potion            |       |     1 |     1 |       ||     2
   Stab: Sleeping          |       |       |     2 |       ||     2
 Armour: Robe              |     7 |    39 |    84 |    15 ||   145
         Skin              |     5 |       |     8 |       ||    13
  Dodge: Dodged            |    21 |    42 |   139 |    59 ||   261
  Block: Other             |       |    18 |    12 |       ||    30
         Reflection        |       |     1 |       |       ||     1
